 Dungeon Crawl Stone Soup version 0.23.0-2-g0fe3ce5 (webtiles) character file.

Game seed: 15509537183261228296

2194 YingTangist the Spear-Bearer (level 9, -7/69 HPs)
             Began as a Merfolk Abyssal Knight on Feb 19, 2019.
             Was an Elder of Lugonu.
             Mangled by an orc warrior
             ... wielding a +0 glaive
              (19 damage)
             ... on level 7 of the Dungeon.
             The game lasted 00:14:41 (7500 turns).

YingTangist the Spear-Bearer (MfAK)                 Turns: 7500, Time: 00:14:41

Health: -7/69      AC: 15    Str: 18    XL:     9   Next: 34%
Magic:  12/12      EV:  6    Int: 11    God:    Lugonu [****..]
Gold:   457        SH:  0    Dex: 11    Spells: 8/8 levels left

rFire    . . .     SeeInvis .   f - +8 glaive of Busut {chop, +Inv Stlth+}
rCold    . . .     Gourm    .   (shield currently unavailable)
rNeg     . . .     Faith    .   D - +0 plate armour
rPois    .         Spirit   .   (no helmet)
rElec    +         Reflect  .   G - +2 cloak
rCorr    .         Harm     .   (no gloves)
MR       .....                  h - +0 pair of boots
Stlth    ..........             (no amulet)
HPRegen  0.21/turn              (no ring)
MPRegen  0.13/turn              (no ring)

@: no status effects
A: change form in water, swift swim, stealthy swim, clumsy 1, electricity
resistance, strong 1
a: Depart the Abyss, Bend Space, Banish, Corrupt, Renounce Religion, Evoke
Invisibility


You were on level 7 of the Dungeon.
You worshipped Lugonu.
Lugonu was greatly pleased with you.
You were very hungry.

You visited 1 branch of the dungeon, and saw 7 of its levels.
You visited the Abyss 1 time.

You collected 553 gold pieces.
You spent 96 gold pieces at shops.

Inventory:

Hand Weapons
 a - a +2 spear
 f - the +8 glaive of Busut (weapon) {chop, +Inv Stlth+}
   (You acquired it on level 5 of the Dungeon)

   It inflicts extra damage upon your enemies.
   It lets you turn invisible.
   It makes you more stealthy.
 s - a +0 trident
Missiles
 v - 3 javelins (quivered)
 z - 133 stones
 F - 5 poisoned tomahawks
Armour
 b - a +0 leather armour
 h - a +0 pair of boots (worn)
 k - a +0 scale mail
 n - a +0 cloak
 p - a +0 chain mail
 D - a +0 plate armour (worn)
 E - a +0 buckler
 G - a +2 cloak (worn)
Magical Staves
 g - an uncursed staff of conjuration
Wands
 A - a wand of random effects (13)
Scrolls
 e - 7 scrolls of identify
 j - 2 scrolls of teleportation
 m - 3 scrolls of enchant armour
 x - 2 scrolls of blinking
 y - a scroll of remove curse
 C - a scroll of noise {unknown}
Potions
 d - 2 potions of agility {unknown}
 l - 3 potions of curing
 o - a potion of heal wounds
 q - 2 potions of magic {unknown}
 r - a potion of mutation
 t - a potion of brilliance {unknown}
 u - a potion of haste {unknown}
 w - a potion of flight
 B - a potion of lignification {unknown}
Comestibles
 c - 14 rations


   Skills:
 + Level 6.1 Fighting
 + Level 12.1 Polearms
 + Level 2.8 Armour
 + Level 3.9 Dodging
 - Level 1.1 Stealth
 - Level 0.4 Shields
 * Level 4.8 Invocations
 * Level 3.2 Evocations


You had 8 spell levels left.
You didn't know any spells.
Your spell library was empty.

Dungeon Overview and Level Annotations

Branches:
Dungeon (7/15)             Temple (0/1) D:6

Altars:
Fedhas
Hepliaklqana
Okawaru
Trog
Zin
The Shining One

Shops:
D:5 (   D:7 !

Annotations:
D:3 2 transporters, Frank's ghost, amateur OpFi


Innate Abilities, Weirdness & Mutations

You revert to your normal form in water You are very nimble and swift while swimming.
You are very stealthy in the water. (Stealth+)
You are clumsy. (Dex -2)
You are resistant to electric shocks. (rElec)
Your muscles are strong. (Str +2)


Message History

You reach to attack!
You hit the orc warrior.
The orc warrior is moderately wounded.
The orc warrior hits you from afar with a +0 glaive!
The orc priest shouts!
You are too injured to fight recklessly!
You are too injured to fight recklessly!
You are too injured to fight recklessly!
You are too injured to fight recklessly!
The orc warrior hits you with a +0 glaive!
You slash the orc priest!
You kill the orc priest!
Lugonu accepts your kill.
The orc warrior hits you with a +0 glaive!
* * * LOW HITPOINT WARNING * * *
You hit the orc warrior.
The orc warrior is moderately wounded.
Your plate armour prevents you from hitting the orc warrior.
The orc warrior is moderately wounded.
The orc warrior hits you with a +0 glaive!!
You die...

##.##..##.o.o....##.##.#.....
#...#.......#.......##...###.
#o#.##.####.#.......###### #.
#...##......#.[[....# #.
##.##########...)[..# #. #o#
#...)...# #. #.#
#######....<..# #. #.#
#.....†o......########. #o#
#.....@#####.##........
####.#
#..........#...........
#....#
#......###.#..#........
#.#### #......#
#....########. #.# #......#
#.#...# #. #.#
##########..#.## #. #.#
#.......##.#..# ### #.
###.###
#.#.#.#.##....####.###.
#..[..#
#..###..#####)#........


You could see an orc warrior.

Vanquished Creatures
  Grinder (D:6)
  A hippogriff (D:7)
  Menkaure (D:6)
  An orc warrior (D:7)
  An ice beast (D:5)
  2 sky beasts
  2 bullfrogs (D:6)
  2 scorpions
  2 howler monkeys
  A vampire bat (D:4)
  A centaur zombie (D:5)
  4 crimson imps
  A jelly (D:6)
  3 hounds
  3 orc priests
  A bullfrog skeleton (D:7)
  4 orc wizards
  An iguana (D:7)
  5 worker ants
  A hound zombie (D:6)
  A gnoll (D:5)
  9 adders
  A shadow imp (D:7)
  An ooze (D:2)
  An adder zombie (D:5)
  4 worms
  3 dart slugs
  3 fire bats (D:4)
  4 leopard geckos
  22 orcs
  2 spectral bats (D:4)
  A ball python (D:4)
  14 bats
  3 bat skeletons (D:4)
  A bat zombie (D:4)
  3 giant cockroaches
  6 goblins
  10 hobgoblins
  2 jackals (D:5)
  4 kobolds
  5 quokkas
  A bat simulacrum (D:4)
  2 frilled lizards (D:1)
  7 rats
148 creatures vanquished.

Vanquished Creatures (others)
  A golden eye (Abyss:2)
1 creature vanquished.

Grand Total: 149 creatures vanquished

Notes
Turn   | Place    | Note
-------+----------+-------------------------------------------
     0 | Abyss:1  | YingTangist the Merfolk Abyssal Knight began the quest for
                  | the Orb.
     0 | Abyss:1  | Reached XP level 1. HP: 18/18 MP: 2/2
    87 | Abyss:2  | Found a corrupted altar of Lugonu.
   168 | Abyss:2  | Noticed an ettin zombie
   182 | Abyss:2  | Noticed an ancient zyme
   208 | Abyss:2  | Killed a golden eye
   213 | Abyss:2  | Noticed an orange demon
   213 | Abyss:2  | Noticed a bone dragon
   217 | D:1      | Escaped the Abyss
   591 | D:1      | Reached XP level 2. HP: 22/24 MP: 3/3
  1009 | D:2      | Reached * piety under Lugonu
  1042 | D:2      | Found a glowing silver altar of Zin.
  1085 | D:2      | Reached XP level 3. HP: 29/30 MP: 4/4
  1417 | D:2      | Reached XP level 4. HP: 31/38 MP: 5/5
  1645 | D:2      | Reached skill level 1 in Armour
  2286 | D:3      | Reached skill level 4 in Polearms
  2457 | D:3      | Found a transporter.
  2463 | D:3      | Noticed a necrophage
  2464 | D:3      | Found a transporter.
  2464 | D:3      | Noticed Frank's ghost (amateur OpFi)
  2692 | D:3      | Reached XP level 5. HP: 43/43 MP: 6/6
  2721 | D:3      | Reached ** piety under Lugonu
  2787 | D:3      | Found a hazy altar of Hepliaklqana.
  3181 | D:4      | Reached skill level 5 in Polearms
  3181 | D:4      | Reached skill level 1 in Stealth
  3785 | D:4      | Reached XP level 6. HP: 48/50 MP: 7/7
  3797 | D:4      | Reached skill level 6 in Polearms
  3976 | D:4      | Found a blossoming altar of Fedhas.
  4087 | D:5      | Entered Level 5 of the Dungeon
  4106 | D:5      | Reached skill level 5 in Fighting
  4449 | D:5      | Reached skill level 7 in Polearms
  4615 | D:5      | Found Sanyfur's Weapon Shoppe.
  4688 | D:5      | Reached XP level 7. HP: 54/56 MP: 8/8
  4695 | D:5      | Identified a scroll of acquirement
  4699 | D:5      | Got a polished glaive
  4705 | D:5      | Identified the +8 glaive of Busut {chop, +Inv Stlth+} (You
                  | acquired it on level 5 of the Dungeon)
  4736 | D:5      | Reached *** piety under Lugonu
  4875 | D:5      | Found an iron altar of Okawaru.
  4876 | D:5      | Found a bloodstained altar of Trog.
  4974 | D:5      | Reached skill level 8 in Polearms
  5080 | D:5      | Reached skill level 1 in Evocations
  5120 | D:5      | Found a glowing golden altar of the Shining One.
  5272 | D:6      | Found a staircase to the Ecumenical Temple.
  5426 | D:6      | Reached XP level 8. HP: 58/62 MP: 10/10
  5565 | D:6      | Noticed Grinder
  5568 | D:6      | Reached skill level 9 in Polearms
  5573 | D:6      | Killed Grinder
  5575 | D:6      | Noticed Menkaure
  5591 | D:6      | Killed Menkaure
  5645 | D:6      | Reached skill level 10 in Polearms
  6034 | D:7      | Noticed a hippogriff
  6043 | D:7      | Killed a hippogriff
  6057 | D:6      | Reached skill level 11 in Polearms
  6057 | D:6      | Reached XP level 9. HP: 53/69 MP: 12/12
  6286 | D:7      | Found a blossoming altar of Fedhas.
  6700 | D:7      | Reached **** piety under Lugonu
  6945 | D:7      | Reached skill level 12 in Polearms
  7000 | D:7      | HP: 3/69 [orc priest/divine providence (10)]
  7448 | D:7      | Found Zeitt's Distillery.
  7461 | D:7      | Bought a potion of mutation for 96 gold pieces
  7461 | D:7      | Gained mutation: You are clumsy. (Dex -2) [potion of
                  | mutation]
  7461 | D:7      | Gained mutation: Your muscles are strong. (Str +2) [potion
                  | of mutation]
  7461 | D:7      | Gained mutation: You are resistant to electric shocks.
                  | (rElec) [potion of mutation]
  7500 | D:7      | Mangled by an orc warrior

Skill      XL: |  1  2  3  4  5  6  7  8  9 |
---------------+----------------------------+-----
Dodging        | 3 |  3.9
Fighting       | 4 5 6 |  6.1
Armour         | 1 2 |  2.8
Polearms       | 4 5 7 8 11 12 | 12.1
Stealth        | 1 |  1.1
Invocations    | 3 4 |  4.8
Evocations     | 1 3 |  3.2
Shields        | |  0.4

Action                   |  1- 3 |  4- 6 |  7- 9 || total
-------------------------+-------+-------+-------++-------
Melee: Spear             |   126 |   381 |       ||   507
       Glaive            |       |       |   155 ||   155
Invok: Depart the Abyss  |     1 |       |       ||     1
  Use: Potion            |       |     4 |     1 ||     5
       Scroll            |       |       |    11 ||    11
 Stab: Invisible         |       |     5 |       ||     5
  Eat: Chunk             |     2 |     9 |     9 ||    20
Armor: Scale mail        |     2 |       |       ||     2
       Chain mail        |    48 |   161 |       ||   209
       Plate armour      |       |    32 |    83 ||   115
Dodge: Dodged            |    31 |   107 |    20 ||   158
Block: Buckler           |       |    27 |       ||    27
